 Dungeon Crawl Stone Soup version 0.27-a0-1202-ge72e49191c (webtiles) character file.

Game seed: 16943182433331699477

29689 tilp the Spear-Bearer (level 13, 0/103 HPs)
             Began as a Barachi Summoner on June 2, 2021.
             Was an Elder of Okawaru.
             Slain by Fannar
             ... wielding a staff of cold
              (7 damage)
             ... on level 2 of the Lair of Beasts.
             The game lasted 00:56:34 (26767 turns).

tilp the Spear-Bearer (Barachi Summoner)           Turns: 26767, Time: 00:56:34

Health: 0/103      AC: 10    Str: 15    XL:     13   Next: 46%
Magic:  6/19       EV: 14    Int: 16    God:    Okawaru [****..]
Gold:   1612       SH:  6    Dex: 12    Spells: 4/21 levels left

rFire    + . .     SeeInvis .   a - +0 trident (flame)
rCold    + . .     Faith    .   o - +0 buckler
rNeg     . . .     Spirit   .   r - +0 ring mail
rPois    +         Reflect  .   c - +2 helmet
rElec    +         Harm     .   e - scarf {shadows}
rCorr    +         Rampage  .   (no gloves)
Will     +....                  v - +0 pair of boots
Stlth    +++.......             (no amulet)
HPRegen  0.27/turn              F - ring of willpower
MPRegen  0.16/turn              (no ring)

@: resistant, heroic, very slightly contaminated, hasted, very quick
A: amphibious, slowness 1, strong legs 2, +LOS
a: Hop, Renounce Religion, Heroism


You were on level 2 of the Lair of Beasts.
You worshipped Okawaru.
Okawaru was greatly pleased with you.
You visited 3 branches of the dungeon, and saw 16 of its levels.
You also visited: Bailey.

You collected 1612 gold pieces.

Inventory:

Hand Weapons
 a - a +0 trident of flaming (weapon)
 b - a +4 scimitar of flaming
 J - a +1 spear of freezing
 K - a +0 trident of protection
Missiles
 i - a throwing net {!f}
 k - 58 poisoned darts (quivered)
 q - 57 boomerangs
 B - 10 atropa-tipped darts
Armour
 c - a +2 helmet (worn)
 e - a scarf of shadows (worn)
 o - a +0 buckler (worn)
 r - a +0 ring mail (worn)
 v - a +0 pair of boots (worn)
 M - a +2 cloak
Jewellery
 F - a ring of willpower (left hand)
Wands
 d - a wand of polymorph (24)
 h - a wand of paralysis (1)
 j - a wand of mindburst (21)
 p - a wand of iceblast (15)
 y - a wand of flame (64)
 L - a wand of digging (5)
Scrolls
 g - 6 scrolls of identify
 m - a scroll of teleportation
 u - 2 scrolls of blinking
 z - a scroll of fog
 C - 3 scrolls of summoning
 E - a scroll of enchant weapon
 H - a scroll of holy word
 I - 4 scrolls of amnesia
Potions
 f - 2 potions of cancellation
 l - 3 potions of mutation
 n - 4 potions of resistance
 s - 3 potions of magic
 t - 3 potions of attraction
 w - 3 potions of might
 A - 3 potions of curing
 D - 2 potions of invisibility
Miscellaneous
 x - a phantom mirror (inert)


   Skills:
 - Level 10.0(15.0) Fighting
 - Level 14.0(19.0) Polearms
 - Level 6.0(11.0) Dodging
 - Level 4.0(9.0) Stealth
 - Level 4.0(9.0) Shields
 + Level 4.5 Spellcasting
 * Level 8.8 Summonings
 + Level 2.3 Ice Magic
 + Level 1.9 Air Magic
 - Level 8.5 Invocations
 - Level 4.0 Evocations


You had 4 spell levels left.
You knew the following spells:

 Your Spells              Type           Power      Damage    Failure   Level
a - Summon Small Mammal   Summ           100%       N/A       1%          1
b - Call Imp              Summ           31%        N/A       1%          2
c - Call Canine Familiar  Summ           31%        N/A       2%          3
d - Summon Guardian Gole  Hex/Summ       17%        N/A       14%         3
e - Summon Ice Beast      Ice/Summ       21%        N/A       30%         4
f - Summon Lightning Spi  Summ/Air       20%        N/A       32%         4

Your spell library contained the following spells:

 Spells                   Type           Power      Damage    Failure   Level
 Shock                    Conj/Air       24%        1d4       21%         1
 Animate Skeleton         Necr           6%         N/A       30%         1
 Apportation              Tloc           6%         N/A       30%         1
 Magic Dart               Conj           12%        1d3       30%         1
 Pain                     Necr           12%        1d4       30%         1
 Sandblast                Erth           6%         2d5       30%         1
 Sting                    Tmut/Pois      12%        1d3       30%         1
 Poisonous Vapours        Pois/Air       12%        N/A       30%         2
 Static Discharge         Conj/Air       6%         N/A       30%         2
 Swiftness                Air            9%         N/A       36%         3
 Blink                    Tloc           N/A        N/A       41%         2
 Passwall                 Tmut/Erth      2%         N/A       41%         2
 Slow                     Hex            3%         N/A       41%         2
 Mephitic Cloud           Conj/Pois/Air  5%         N/A       56%         3
 Conjure Flame            Conj/Fire      3%         6-21      65%         3
 Ignite Poison            Fire/Tmut/Pois 3%         N/A       65%         3
 Lesser Beckoning         Tloc           1%         N/A       65%         3
 Stone Arrow              Conj/Erth      6%         3d7       65%         3
 Tukima's Dance           Hex            3%         N/A       65%         3
 Vampiric Draining        Necr           1%         2d6       65%         3
 Airstrike                Air            4%         N/A       78%         4
 Animate Dead             Necr           1%         N/A       96%         4
 Cause Fear               Hex            1%         N/A       96%         4
 Olgreb's Toxic Radiance  Pois           3%         N/A       96%         4
 Petrify                  Tmut/Erth      3%         N/A       96%         4
 Lightning Bolt           Conj/Air       3%         1d14      99%         5
 Silence                  Hex/Air        3%         N/A       99%         5
 Agony                    Necr           3%         N/A       100%        5
 Alistair's Intoxication  Tmut/Pois      2%         N/A       100%        5
 Lee's Rapid Deconstruct  Erth           1%         3d5*      100%        5
 Yara's Violent Unravell  Hex/Tmut       1%         3d3       100%        5
 Invisibility             Hex            3%         N/A       100%        6
 Haunt                    Necr/Summ      8%         N/A       100%        7
 Malign Gateway           Summ/Tloc      8%         N/A       100%        7
 Monstrous Menagerie      Summ           15%        N/A       100%        7
 Discord                  Hex            1%         N/A       100%        8
 Summon Horrible Things   Summ           15%        N/A       100%        8


Dungeon Overview and Level Annotations

Branches:
Dungeon (13/15)            Temple (1/1) D:6            Lair (2/6) D:11
  Snake (0/4) Lair:2       Bailey (visited)
  Swamp: Lair:2-4    Shoals: Lair:2-4       Orc: D:9-12      Vaults: D:13-14

Altars:
Ashenzari
Cheibriados
Dithmenos
Elyvilon
Fedhas
Gozag
Hepliaklqana
Kikubaaqudgha
Makhleb
Nemelex Xobeh
Okawaru
Qazlal
Ru
Sif Muna
Trog
Uskayaw
Vehumet
Wu Jian
Xom
Yredelemnul
Zin
The Shining One

Shops:
D:8 *

Annotations:
D:11 death yaks (4?!)
Lair:1 exclusion: 2 oklob plants
Lair:2 Fannar, Gastronok


Innate Abilities, Weirdness & Mutations

You are amphibious.
You cover ground slowly.
You can hop long distances.
You have an extended range of vision and can be seen from far away.


Message History

Fannar is severely wounded.
The ice beast barely misses you. Fannar hits you but does no damage.
Fannar freezes you.
* * * LOW HITPOINT WARNING * * *
Unknown command.
You barely miss Fannar.
Fannar is severely wounded.
Your ice beast hits Fannar but does no damage.
Unknown command.
You puncture Fannar! You burn Fannar.
Fannar is almost dead.
The ice beast hits you.
* * * LOW HITPOINT WARNING * * *
The ice beast freezes you. You resist.
* * * LOW HITPOINT WARNING * * *
Unknown command.
You barely miss Fannar.
Fannar is almost dead.
Fannar hits you with a staff of cold.
* * * LOW HITPOINT WARNING * * *
Fannar freezes you.
* * * LOW HITPOINT WARNING * * *
Your ice beast barely misses Fannar.
Press: ? - help, v - describe, . - travel
Here: Fannar, wielding a staff of cold and wearing a +1 robe of cold resistance (almost dead, ally target)
The floor, spattered with blood.
Aiming: Mindburst
Press: ? - help, Shift-Dir - straight line, f/p - Fannar
Aim: Fannar, wielding a staff of cold and wearing a +1 robe of cold resistance (almost dead, ally target, chance to affect: 31%)
Okay, then.
Unknown command.
You miss Fannar.
Fannar is almost dead.
Unknown command.
You hit Fannar. You burn Fannar.
Fannar is almost dead.
The ice beast barely misses you. Fannar hits you with a staff of cold.
* * * LOW HITPOINT WARNING * * *
Fannar freezes you!
You die...

##......#######
#.............#
#[............# .......
##.............# .......
#............... .......
#............... .......
#P..............
.e.....####.............#
...$[..#@.+.............+
.......#Ye..............#
.........Y.P##.#.##'#.###
..........######.##....##
#####..#### #######.....#
### #P.####.##'##
#............
#............
##..........w.


You could see Fannar (ally target), an ice beast (summoned) and a friendly ice
beast (summoned).

Vanquished Creatures
  An orc warlord (Bailey)
  2 hydras
  2 two-headed ogres
  5 elephants (Lair:2)
  4 cane toads
  A komodo dragon (Lair:2)
  A troll (D:11)
  2 nameless horrors
  A shadow (D:10)
  14 yaks
  2 steam dragons (D:8)
  Menkaure (D:6)
  A swamp worm (Lair:2)
  4 water moccasins
  2 ice beasts (D:5)
  A sky beast (D:6)
  7 orc warriors
  2 ogres
  A necrophage (D:8)
  A kobold brigand (D:9)
  2 bullfrogs
  A gnoll sergeant (D:6)
  A wyvern zombie (D:8)
  3 killer bees (D:10)
  8 wights
  3 howler monkeys (D:8)
  A bullfrog zombie (D:5)
  A hound (D:6)
  3 centaur zombies
  2 orc priests
  3 iguanas
  Ijyb (D:3)
  2 orc wizards (D:8)
  A killer bee zombie (D:6)
  2 gnolls
  2 adders
  A worm (D:5)
  14 orcs
  5 bats
  4 endoplasms
  A giant cockroach (D:1)
  8 goblins
  5 hobgoblins
  4 jackals
  A quokka (D:2)
  7 ball pythons
  7 frilled lizards (D:2)
  21 kobolds
  3 rats
172 creatures vanquished.

Vanquished Creatures (collateral kills)
  Erica (D:8)
  Maurice (D:8)
  A cane toad (Lair:2)
  2 rime drakes (Lair:2)
  A troll (D:11)
  Prince Ribbit (D:9)
  A shadow (D:5)
  A yak (D:11)
  2 wyverns
  Sigmund (D:6)
  A wraith (D:9)
  A vampire mosquito (D:8)
  Edmund (D:6)
  5 ice beasts
  A black bear (D:7)
  A necrophage (D:6)
  2 sky beasts
  A centaur (D:8)
  A bullfrog (D:8)
  4 scorpions
  4 wights
  3 killer bees (D:10)
  4 howler monkeys
  3 centaur zombies
  A hound (D:7)
  A jelly (D:4)
  A gnoll shaman (D:8)
  2 iguanas (D:5)
  4 orc wizards
  A killer bee zombie (D:8)
  Robin (D:2)
  7 gnolls
  An adder (D:3)
  A shadow imp (D:7)
  2 ufetubi
  A worm (D:2)
  A dart slug (D:5)
  16 orcs
  3 ball pythons
  2 endoplasms
  A giant cockroach (D:1)
  6 hobgoblins
  13 jackals
  A bat (D:2)
  4 frilled lizards
  18 goblins
  5 kobolds
137 creatures vanquished.

Vanquished Creatures (others)
  A cane toad (Lair:2)
  An orc (D:8)
  6 fungi (Lair:2)
  5 plants
13 creatures vanquished.

Grand Total: 322 creatures vanquished

Notes
Turn   | Place    | Note
-------+----------+-------------------------------------------
     0 | D:1      | tilp the Barachi Summoner began the quest for the Orb.
     0 | D:1      | Reached XP level 1. HP: 13/13 MP: 3/3
   661 | D:1      | Reached skill level 1 in Fighting
  1003 | D:1      | Reached XP level 2. HP: 22/22 MP: 1/5
  1006 | D:1      | Learned a level 2 spell: Call Imp
  1646 | D:1      | Reached skill level 5 in Summonings
  1795 | D:1      | Found a faded altar of an unknown god.
  2202 | D:2      | Reached XP level 3. HP: 21/27 MP: 1/6
  2206 | D:2      | Learned a level 3 spell: Call Canine Familiar
  2508 | D:2      | Noticed Robin
  2711 | D:2      | Killed Robin
  3533 | D:2      | Reached XP level 4. HP: 33/33 MP: 0/8
  5256 | D:3      | Reached XP level 5. HP: 33/39 MP: 4/9
  5447 | D:3      | You fall into a shaft and drop 3 floors!
  5513 | D:6      | Noticed an ice beast
  5533 | D:6      | Noticed Sigmund
  5695 | D:6      | Noticed an ice beast
  5708 | D:6      | Killed an ice beast
  5822 | D:6      | Killed an ice beast
  5823 | D:6      | Reached XP level 6. HP: 11/47 MP: 0/10
  6099 | D:6      | Noticed an ice beast
  6109 | D:6      | Killed an ice beast
  6437 | D:6      | Noticed a sky beast
  6447 | D:6      | Killed a sky beast
  6758 | D:6      | Upgraded the game from 0.27-a0-1200-g94dc6ad4cf to
                  | 0.27-a0-1202-ge72e49191c
  6760 | D:6      | Found a staircase to the Ecumenical Temple.
  6770 | Temple   | Entered the Ecumenical Temple
  6882 | D:6      | Noticed a necrophage
  6894 | D:6      | Killed a necrophage
  6895 | D:6      | Reached XP level 7. HP: 46/54 MP: 1/11
  6974 | D:5      | Entered Level 5 of the Dungeon
  7186 | D:5      | Found a sacrificial altar of Ru.
  7195 | D:5      | Found a basalt altar of Yredelemnul.
  7908 | D:3      | Reached skill level 1 in Shields
  7930 | D:3      | Noticed Ijyb
  7941 | D:3      | Killed Ijyb
  8869 | D:4      | Noticed a wyvern
  8879 | D:4      | Killed a wyvern
  9806 | D:5      | Reached XP level 8. HP: 60/60 MP: 5/14
 10452 | D:5      | Found a stormy altar of Qazlal.
 10546 | D:5      | Found an iron altar of Okawaru.
 10557 | D:5      | Became a worshipper of Warmaster Okawaru
 10593 | D:5      | Reached skill level 1 in Evocations
 10715 | D:5      | Found a burning altar of Makhleb.
 10816 | D:5      | Noticed a shadow
 10837 | D:5      | Killed a shadow
 11151 | D:6      | Noticed Edmund
 11170 | D:6      | Killed Edmund
 11348 | D:6      | Reached * piety under Okawaru
 11449 | D:6      | Reached skill level 1 in Invocations
 11809 | D:6      | HP: 2/50 [wight/+1 spear (3)]
 12272 | D:6      | Noticed Menkaure
 12277 | D:6      | Killed Menkaure
 12581 | D:6      | Killed Sigmund
 12581 | D:6      | Reached ** piety under Okawaru
 12582 | D:6      | Reached XP level 9. HP: 62/65 MP: 5/15
 13327 | D:7      | Reached skill level 1 in Polearms
 14584 | D:8      | Found Xereucweuck's Assorted Antiques.
 14828 | D:8      | Reached skill level 2 in Polearms
 15586 | D:8      | Reached skill level 5 in Invocations
 15604 | D:8      | Reached skill level 3 in Polearms
 15702 | D:8      | Reached skill level 5 in Fighting
 16114 | D:8      | Noticed Erica
 16131 | D:8      | Killed Erica
 16131 | D:8      | Reached *** piety under Okawaru
 16132 | D:8      | Reached skill level 4 in Polearms
 17064 | D:8      | Reached XP level 10. HP: 76/76 MP: 5/16
 17123 | D:8      | Reached skill level 5 in Polearms
 17378 | D:8      | Noticed Maurice
 17394 | D:8      | Killed Maurice
 17395 | D:8      | Reached skill level 6 in Polearms
 17639 | D:8      | Found a white marble altar of Elyvilon.
 17668 | D:8      | Found a sparkling altar of Nemelex Xobeh.
 17844 | D:9      | Noticed Prince Ribbit
 17865 | D:9      | Killed Prince Ribbit
 18008 | D:9      | Found a flagged portal.
 18088 | Bailey   | Entered a bailey
 18181 | Bailey   | Noticed an orc warlord
 18500 | Bailey   | Found a runed translucent gate.
 18502 | Bailey   | Found a runed translucent gate.
 18503 | Bailey   | Found a runed translucent gate.
 18850 | Bailey   | Killed an orc warlord
 18850 | Bailey   | Reached **** piety under Okawaru
 18850 | Bailey   | Received a gift from Okawaru
 18851 | Bailey   | Reached skill level 7 in Polearms
 19107 | Bailey   | Reached skill level 9 in Polearms
 19107 | Bailey   | Reached XP level 11. HP: 90/90 MP: 17/17
 19108 | Bailey   | Reached skill level 12 in Polearms
 19108 | Bailey   | Reached XP level 12. HP: 97/97 MP: 18/18
 20160 | D:9      | Found a blossoming altar of Fedhas.
 20160 | D:9      | Found an ornate altar of the Wu Jian Council.
 20174 | D:10     | Entered Level 10 of the Dungeon
 20379 | D:10     | You fall into a shaft and drop 3 floors!
 20543 | D:11     | Noticed a death yak
 20963 | D:10     | Noticed a two-headed ogre
 20983 | D:10     | Killed a two-headed ogre
 21082 | D:10     | Found a broken altar of Ashenzari.
 21530 | D:10     | Identified a scroll of acquirement
 21531 | D:10     | Acquired 727 gold pieces
 21660 | D:11     | Noticed a two-headed ogre
 21683 | D:11     | Killed a two-headed ogre
 21684 | D:11     | Reached skill level 13 in Polearms
 21779 | D:11     | Gained mutation: You can hop long distances. [Barachi
                  | growth]
 21779 | D:11     | Reached XP level 13. HP: 90/103 MP: 12/19
 21795 | D:11     | Learned a level 3 spell: Summon Guardian Golem
 21800 | D:11     | Learned a level 4 spell: Summon Ice Beast
 21805 | D:11     | Learned a level 4 spell: Summon Lightning Spire
 22110 | D:11     | Found a staircase to the Lair.
 22895 | D:11     | Identified the +5 chain mail of Recklessness {rPois rC+
                  | Dex-3 Stlth+}
 22981 | Lair:1   | Entered Level 1 of the Lair of Beasts
 23379 | Lair:1   | Reached skill level 14 in Polearms
 23491 | Lair:1   | Reached skill level 10 in Fighting
 23728 | Lair:1   | Reached skill level 5 in Dodging
 24619 | Lair:1   | Acquired a Grand Grimoire
 24632 | Lair:2   | Found a staircase to the Snake Pit.
 25256 | Lair:2   | Reached skill level 1 in Ice Magic
 25323 | Lair:2   | Reached skill level 1 in Air Magic
 25339 | Lair:2   | Received a gift from Okawaru
 25627 | Lair:2   | Noticed Gastronok
 26730 | Lair:2   | Noticed Fannar
 26767 | Lair:2   | Slain by Fannar

Illustrated notes

Levels and vault maps discovered:
D:1:      dpeg_arrival_simpleton_c, layout_loops_ring,
          shapermc_ecumenical_altar_flowoftime
D:2:      layout_basic, minmay_lizard_pond, uniq_robin
D:3:      kennysheep_goblin_castle, layout_loops_ring, minmay_close_crescents
D:4:      layout_basic, serial_rivers, chequers_serial_rivers_micro_d,
          chequers_serial_rivers_room_a, chequers_serial_rivers_large_a,
          chequers_serial_rivers_small_3, chequers_serial_rivers_micro_a,
          chequers_serial_rivers_micro_c
D:5:      layout_cave_pods, amcnicky_altar_gilded, general_overflow_altar,
          lemuel_coloured_pillars_altar, amethyst_overflow_temple_binary,
          chequers_serial_rivers_room_a, grunt_ministairs_5, st_stairs_7
D:6:      layout_cave_pods, minmay_temple_entry_junction,
          amcnicky_mini_rare_corridor_liquid, minmay_misc_feat_x, uniq_menkaure,
          uniq_edmund, uniq_sigmund
D:7:      layout_layer_cave, minmay_misc_feat_rugged
D:8:      cheibrodos_barr_body, layout_layer_cave,
          nemelex_xobeh_ov_fountains_minmay, elyvilon_altar_3, serial_shops,
          shop, uniq_erica, uniq_maurice
D:9:      layout_gridville, gammafunk_temple_overflow_wave, enter_bailey_3,
          uniq_prince_ribbit1
D:10:     layout_irregular_city, cheibrodos_ashenzari_chains
D:11:     layout_basic, dpeg_lair_monsters
D:12:     layout_loops_ring, orc_0_dummy, grunt_decor_junction,
          minmay_tree_intersection
D:13:     gammafunk_jiyva_shrine, layout_basic, david_vaults_1
Temple:   hc_temple_tempest_star
Lair:1:   layout_cave_pods, minmay_lair_oklob_chamber,
          infiniplex_staircase_pool_2
Lair:2:   layout_roguey, nicolae_swamp_entry_splash_gauntlet, dummy_snake_entry,
          uniq_fannar, uniq_gastronok

Skill      XL: |  1  2  3  4  5  6  7  8  9 10 11 12 13 |
---------------+----------------------------------------+-----
Fighting       | 1 2 3 4 6 9 10 | 10.0
Summonings     | 5 6 7 8 |  8.8
Spellcasting   | 3 4 |  4.5
Stealth        | 2 4 |  4.0
Dodging        | 3 4 6 |  6.0
Shields        | 3 4 |  4.0
Evocations     | 4 |  4.0
Invocations    | 3 6 8 |  8.5
Polearms       | 4 9 12 13 14 | 14.0
Ice Magic      | 2 |  2.3
Air Magic      | 1 |  1.9

Action                   |  1- 3 |  4- 6 |  7- 9 | 10-12 | 13-15 || total
-------------------------+-------+-------+-------+-------+-------++-------
Melee: Dagger            |   179 |    89 |   389 |     4 |       ||   661
       Unarmed           |     1 |       |       |       |       ||     1
       Spear             |       |     3 |    11 |   152 |       ||   166
       Trident           |       |       |       |   168 |   290 ||   458
       Scimitar          |       |       |       |       |     9 ||     9
Throw: Dart              |       |     1 |     1 |     1 |     2 ||     5
 Cast: Summon Small Mamm |    17 |     3 |       |       |       ||    20
       Call Imp          |    27 |    38 |   101 |    34 |    32 ||   232
       Call Canine Famil |       |     9 |    52 |    29 |    30 ||   120
       Summon Guardian G |       |       |       |       |     2 ||     2
       Summon Ice Beast  |       |       |       |       |     1 ||     1
Invok: Heroism           |       |       |     6 |    13 |    11 ||    30
 Abil: Hop               |     1 |     3 |     4 |     1 |     6 ||    15
Evoke: Wand              |       |       |     8 |    12 |       ||    20
       Phantom mirror    |       |       |       |       |     1 ||     1
  Use: Scroll            |     3 |     4 |    13 |     9 |     7 ||    36
       Potion            |       |     1 |     1 |     2 |     6 ||    10
 Stab: Distracted        |     2 |     2 |     7 |     5 |     2 ||    18
       Sleeping          |     4 |     2 |     4 |     2 |     1 ||    13
       Paralysed         |       |       |     1 |     6 |       ||     7
Armor: Robe              |    40 |    20 |     2 |       |       ||    62
       Ring mail         |       |       |   128 |    67 |    66 ||   261
       Leather armour    |       |       |    10 |       |       ||    10
Dodge: Dodged            |   146 |    67 |   205 |   114 |   119 ||   651
Block: Buckler           |       |       |    67 |    41 |    50 ||   158

Table legend: (Time is in decaauts)
 A = Elapsed time spent in this place.
 B = Non-inter-level travel time spent in this place.
 C = Inter-level travel time spent in this place.
 D = Time resting spent in this place.
 E = Time spent auto-exploring this place.
 F = Levels seen in this place.
 G = Mean time per level.
                   A        B        C        D        E       F      G
               +--------+--------+--------+--------+--------+-----+--------+
         Total |  28708 |  27457 |   1251 |  10230 |  12388 |  17 | 1688.7 |
       Dungeon |  23526 |  22484 |   1042 |   7990 |  10699 |  13 | 1809.7 |
        Temple |    127 |    104 |     23 |      0 |    103 |   1 |  127.0 |
          Lair |   3962 |   3777 |    185 |   1819 |   1393 |   2 | 1981.0 |
        Bailey |   1091 |   1091 |      0 |    421 |    192 |   1 | 1091.0 |
               +--------+--------+--------+--------+--------+-----+--------+

Top non-repeatable levels by time:
     D:6: 3015 daAuts
     D:2: 2860 daAuts
     D:8: 2688 daAuts
     D:7: 2602 daAuts
     D:5: 2502 daAuts
  Lair:1: 2366 daAuts
     D:1: 2261 daAuts
     D:3: 1676 daAuts
    D:11: 1642 daAuts
  Lair:2: 1596 daAuts
     D:4: 1511 daAuts
     D:9: 1436 daAuts
    D:10: 1277 daAuts
  Bailey: 1091 daAuts
  Temple: 127 daAuts
